 Dungeon Crawl Stone Soup version 0.20-a0-3-g334f831 (webtiles) character file.

658 Firebatgyro the Cleaver (level 7, 0/49 HPs)
             Began as a Yellow Draconian Wanderer on Oct 30, 2016.
             Was an Initiate of Hepliaklqana.
             Slain by an orc warrior
             ... wielding a +0 dire flail
              (13 damage)
             ... on level 6 of the Dungeon.
             The game lasted 00:07:52 (4320 turns).

Firebatgyro the Cleaver (Yellow Draconian Wanderer) Turns: 4320, Time: 00:07:52

Health: 0/49       AC:  7    Str: 17      XL:     7   Next: 30%
Magic:  13/13      EV:  8    Int: 11      God:    Hepliaklqana [......]
Gold:   149        SH:  9    Dex: 10 (16) Spells: 0 memorised, 14 levels left

rFire  . . .     SeeInvis .     f - +2 broad axe (venom)
rCold  . . .     Gourm    .     (armour unavailable)
rNeg   . . .     Faith    .     a - +1 shield
rPois  +         Spirit   .     (helmet restricted)
rElec  .         Reflect  .     i - +0 cloak
rCorr  +         Harm     .     (no gloves)
MR     .....                    (no boots)
Stlth  +.........               (no amulet)
                                u - +5 ring of dexterity
                                d - ring of poison resistance

@: no status effects
A: spit acid, acid resistance, unfitting armour, reduced essence, cold-blooded,
AC +6
a: Spit Acid, Recall Ancestor, Ancestor Identity, Renounce Religion


You were on level 6 of the Dungeon.
You worshipped Hepliaklqana.
Hepliaklqana was noncommittal.
You were not hungry.

You visited 2 branches of the dungeon, and saw 7 of its levels.

You collected 149 gold pieces.

Inventory:

Hand Weapons
 f - a +2 broad axe of venom (weapon)
Missiles
 e - 5 poisoned javelins (quivered)
Armour
 a - a +1 shield (worn)
 i - a +0 cloak (worn)
Jewellery
 d - a ring of poison resistance (left hand)
 s - a +2 ring of intelligence
 u - a +5 ring of dexterity (right hand)
Scrolls
 b - a scroll of fog {unknown}
 g - 4 scrolls of identify
 h - 2 scrolls of blinking
 n - a scroll of random uselessness
Potions
 m - a potion of might
Comestibles
 c - 4 bread rations
 w - 5 fruits


   Skills:
 - Level 2.1 Fighting
 + Level 8.0 Axes
 - Level 2.0 Shields
 - Level 4.0 Spellcasting
   Level 1.0 Hexes


You had 14 spell levels left.
You didn't know any spells.

Dungeon Overview and Level Annotations

Branches:
Dungeon (6/15)             Temple (1/1) D:5

Altars:
Dithmenos
Elyvilon
Fedhas
Hepliaklqana
Kikubaaqudgha
Makhleb
Nemelex Xobeh
Okawaru
Ru
Trog
Vehumet
Xom
Yredelemnul
The Shining One

Annotations:
D:5 CanOfBees's ghost, novice MiFi


Innate Abilities, Weirdness & Mutations

You can spit globs of acid.
You are resistant to acid.
Your golden yellow scales are hard. (AC +6)
You cannot fit into any form of body armour.
You are cold-blooded and may be slowed by cold attacks.
Your life essence is reduced. (-10% HP)


Message History

Keminub hits CanOfBees's ghost but does no damage.
Keminub hits CanOfBees's ghost but does no damage.
Keminub hits CanOfBees's ghost but does no damage.
CanOfBees's ghost stares at you.
There is a stone staircase leading up here.
CanOfBees's ghost screams, "What do you have that I didn't have?"
Found a stone staircase leading down.
There is a stone staircase leading down here.
CanOfBees's ghost hits you!
* * * LOW HITPOINT WARNING * * *
You climb downwards.
An orc warrior, an orc priest and an orc wizard come into view.
The orc warrior shouts!
The orc priest shouts!
Found 14 gold pieces.
There is a stone staircase leading up here.
As you read the scroll of fear, it crumbles to dust.
You assume a fearsome visage.
The orc warrior easily resists.
The orc priest looks frightened!
The orc wizard looks frightened!
The orc warrior hits you with a dire flail!
You die...

# #.####
#..@o#
####o...#
+...o#
#....#
#....+
#....#
#....#
#....#


You could see an orc warrior, an orc priest (fleeing) and an orc wizard
(fleeing).

Vanquished Creatures
  2 ogres (D:4)
  The ghost of misery the Sneak, an amateur SpEn (D:4)
  2 scorpions
  A crimson imp (D:3)
  A quasit (D:5)
  An orc priest (D:4)
  An iguana (D:4)
  A worker ant (D:5)
  3 hound skeletons
  6 adders
  3 worms
  A dart slug (D:1)
  5 orcs
  8 bats
  6 giant cockroaches
  12 goblins
  9 hobgoblins
  7 jackals
  A quokka (D:2)
  2 ball pythons
  7 frilled lizards
  6 kobolds
  A leopard gecko skeleton (D:3)
  8 rats
95 creatures vanquished.

Notes
Turn   | Place    | Note
-------+----------+-------------------------------------------
     0 | D:1      | Firebatgyro the Draconian Wanderer began the quest for the Orb.
     0 | D:1      | Firebatgyro set off with: a +0 shield, a +0 hand axe, a bread ration
     0 | D:1      | Reached XP level 1. HP: 17/17 MP: 5/5
   506 | D:1      | Found a glowing golden altar of the Shining One.
   529 | D:1      | Reached skill level 2 in Axes
   536 | D:1      | Reached XP level 2. HP: 24/24 MP: 7/7
   838 | D:2      | Reached skill level 3 in Axes
  1039 | D:2      | Reached XP level 3. HP: 24/29 MP: 8/8
  1830 | D:3      | Reached XP level 4. HP: 23/36 MP: 10/10
  1860 | D:3      | Reached skill level 4 in Axes
  2412 | D:3      | Reached XP level 5. HP: 21/41 MP: 11/11
  2586 | D:3      | Reached skill level 5 in Axes
  2607 | D:3      | Found a bloodstained altar of Trog.
  2614 | D:3      | Found an ancient bone altar of Kikubaaqudgha.
  2625 | D:3      | Found a shimmering altar of Xom.
  3031 | D:4      | Noticed misery's ghost (amateur SpEn)
  3080 | D:5      | Entered Level 5 of the Dungeon
  3276 | D:5      | Reached skill level 6 in Axes
  3279 | D:5      | Noticed CanOfBees's ghost (novice MiFi)
  3291 | D:5      | Reached XP level 6. HP: 18/48 MP: 12/12
  3300 | D:5      | Identified a scroll of acquirement
  3301 | D:5      | Noticed an ice beast
  3379 | D:4      | Killed misery's ghost
  3510 | D:4      | Reached skill level 7 in Axes
  4044 | D:4      | Your scales start taking on a golden yellow colour.
  4044 | D:4      | Reached XP level 7. HP: 26/55 MP: 13/13
  4207 | D:5      | Found a staircase to the Ecumenical Temple.
  4218 | D:5      | Reached skill level 8 in Axes
  4245 | Temple   | Entered the Ecumenical Temple
  4288 | Temple   | Became a worshipper of Hepliaklqana the Forgotten
  4320 | D:6      | Slain by an orc warrior

Vault maps used:
D:1:      dpeg_arrival_windows_large_door, serial_corexii_hall,
          corexii_hall_statues_l, corexii_hall_statues_x, tso_altar
D:2:      first_bread, kennysheep_doodads
D:3:      grunt_temple_overflow_open
D:6:      tgw_kikubaaqudgha
Temple:   regret_index_temple_mists

Skill      XL: |  1  2  3  4  5  6  7 |
---------------+----------------------+-----
Axes           | 2 3 4 6 7 8 |  8.0
Fighting       | |  2.1
Shields        | |  2.0
Spellcasting   | |  4.0
Hexes          | |  1.0

Action                   |  1- 3 |  4- 6 |  7- 9 || total
-------------------------+-------+-------+-------++-------
Melee: Hand axe          |   184 |   210 |       ||   394
       Tailslap          |    19 |    27 |     3 ||    49
       Broad axe         |       |    49 |    16 ||    65
  Use: Potion            |       |     6 |       ||     6
       Scroll            |       |    11 |     1 ||    12
 Stab: Sleeping          |     1 |       |       ||     1
  Eat: Chunk             |     3 |     6 |     1 ||    10
       Pizza             |       |     1 |       ||     1
Armor: Skin              |    57 |   138 |     3 ||   198
Dodge: Dodged            |    80 |   114 |     6 ||   200
Block: Shield            |    84 |   123 |     5 ||   212
